 Dungeon Crawl Stone Soup version 0.28-a0-863-g8cecda6153 (webtiles) character file.

Game seed: 6345563668970046594

878 Crownlay the Magician (level 7, 50/50 HPs)
             Began as a White Draconian Fire Elementalist on Nov 18, 2021.
             Was an Initiate of Sif Muna.
             Quit the game on level 4 of the Dungeon.
             The game lasted 00:11:28 (4323 turns).

Crownlay the Magician (DrFE)                        Turns: 4323, Time: 00:11:29

Health: 50/50      AC:  7    Str: 11    XL:     7   Next: 75%
Magic:  18/18      EV: 12    Int: 17    God:    Sif Muna [......]
Gold:   238        SH:  0    Dex: 11    Spells: 14/21 levels left

rFire   . . .      SeeInvis .   e - +1 dagger (venom)
rCold   + . .      Faith    .   (no shield)
rNeg    . . .      Spirit   .   (armour unavailable)
rPois   .          Reflect  .   (helmet restricted)
rElec   .          Harm     .   (no cloak)
rCorr   .          Rampage  .   b - +0 pair of gloves
Will    .....                   (no boots)
Stlth   ++........              (no amulet)
HPRegen 0.16/turn               (no ring)
MPRegen 0.16/turn               (no ring)

@: no status effects
A: breathe frost, AC +6, unfitting armour, cold resistance 1, cold-blooded
a: Breathe Frost, Renounce Religion


You were on level 4 of the Dungeon.
You worshipped Sif Muna.
Sif Muna was noncommittal.
You visited 2 branches of the dungeon, and saw 5 of its levels.

You collected 238 gold pieces.

Inventory:

Hand Weapons
 e - a +1 dagger of venom (weapon)
Armour
 b - a +0 pair of gloves (worn)
Jewellery
 k - a ring of wizardry
 o - a ring of see invisible
Scrolls
 c - a scroll of enchant armour {unknown}
 d - 2 scrolls of torment {unknown}
 f - 2 scrolls of identify {unknown}
 g - a scroll of brand weapon {unknown}
 j - a scroll of noise {unknown}
 l - 3 scrolls of blinking {unknown}
 m - a scroll of teleportation {unknown}
Potions
 a - 2 potions of curing
 h - a potion of mutation {unknown}
 i - a potion of ambrosia {unknown}
 n - a potion of might {unknown}
 p - a potion of attraction {unknown}
 q - a potion of flight {unknown}


   Skills:
 - Level 1.7 Dodging
 - Level 1.7 Stealth
 * Level 7.6 Spellcasting
 - Level 1.0 Conjurations
 - Level 3.8 Fire Magic


You had 14 spell levels left.
You knew the following spells:

 Your Spells              Type           Power      Damage    Failure   Level
a - Foxfire               Conj/Fire      56%        2x1d6     4%          1
b - Scorch                Fire           38%        2d6       3%          2
c - Flame Wave            Conj/Fire      14%        3d5       36%         4

Your spell library contained the following spells:

 Spells                   Type           Power      Damage    Failure   Level
 Slow                     Hex            24%        N/A       11%         1
 Conjure Flame            Conj/Fire      14%        6-21      12%         3
 Inner Flame              Hex/Fire       13%        N/A       14%         3
 Confusing Touch          Hex            6%         N/A       32%         3
 Portal Projectile        Hex/Tloc       12%        N/A       32%         3
 Vampiric Draining        Necr           6%         2d6       32%         3
 Blade Hands              Tmut           3%         N/A       97%         5
 Excruciating Wounds      Necr           3%         N/A       97%         5


Dungeon Overview and Level Annotations

Branches:
Dungeon (4/15)             Temple (1/1) D:4

Altars:
Ashenzari
Gozag
Kikubaaqudgha
Qazlal
Sif Muna
Vehumet
Xom
Yredelemnul

Shops:
D:3 :


Innate Abilities, Weirdness & Mutations

You can breathe waves of freezing cold which knock back foes.
Your icy white scales are hard. (AC +6)
You cannot fit into any form of body armour.
Your flesh is cold resistant. (rC+)
You are cold-blooded and may be slowed by cold attacks.


Message History

Things that are here:
a +0 hand axe; 19 stones
Things that are here:
a +0 short sword; 3 stones You pick up a book of Debilitation and begin reading...
You add the spells Slow, Vampiric Draining and Confusing Touch to your library.
Found a dagger.
An ogre comes into view. It is wielding a +0 giant spiked club.
You conjure some foxfire!
Casting: Foxfire (safe; 4% risk of failure)
Confirm with . or Enter, or press ? or * to list all spells.
You can't see any susceptible monsters within range! (Use Z to cast anyway.)
You conjure some foxfire!
Casting: Foxfire (safe; 4% risk of failure)
Confirm with . or Enter, or press ? or * to list all spells.
Flames lash the ogre.
The ogre is heavily wounded.
The ogre's fire resistance burns away.
The foxfire hits the ogre but does no damage.
The ogre is heavily wounded.
The foxfire hits the ogre!
The ogre is burned terribly!
The ogre is severely wounded.
You conjure some foxfire!
Your foxfire dissipates!
The foxfire hits the ogre.
The ogre is burned terribly!
The ogre is almost dead.
The ogre hits you with a +0 giant spiked club.
You hit the ogre.
The ogre is poisoned.
The ogre is almost dead.
The ogre hits you with a +0 giant spiked club!
You hit the ogre.
You kill the ogre!
Sif Muna accepts your kill.
Your foxfire dissipates!
Found a stone staircase leading down.
Okay, then.
Unknown command.
Are you sure you want to abandon this character and quit the game? (Confirm with "yes".)
Okay, then.
Are you sure you want to abandon this character and quit the game? (Confirm with "yes".)

#..###.........##
#..... #..#
##...#.....# #.....
###..# ##...#.....#
#######
##....###....#.....##
.......
#...................#
#######
#..###..............#
# #..#
##.....#.......# #
#..# ##..####......#
# ##..# ##...##
#.@#'### #
....###...).#
##........ ..
............#
#.....### ##
####........# #.....#
# ##.......# ##..#.#
# ##......# #.#.# #
##..'#### .# # #
##....# ># ####.....#


There were no monsters in sight!

Vanquished Creatures
  Grinder (D:4)
  A black bear (D:4)
  2 ogres (D:4)
  A centaur (D:4)
  A scorpion (D:4)
  2 hounds (D:4)
  A jelly (D:4)
  An orc priest (D:4)
  2 orc wizards
  5 adders
  6 worms
  A dart slug (D:1)
  10 orcs
  5 bats
  6 endoplasms
  5 giant cockroaches
  A goblin (D:1)
  6 hobgoblins
  4 jackals (D:2)
  7 kobolds
  4 quokkas
  10 ball pythons
  2 frilled lizards
  5 rats
89 creatures vanquished.

Vanquished Creatures (others)
  201 foxfires
  A fungus (D:1)
202 creatures vanquished.

Grand Total: 291 creatures vanquished

Notes
Turn   | Place    | Note
-------+----------+-------------------------------------------
     0 | D:1      | Crownlay the Draconian Fire Elementalist began the quest
                  | for the Orb.
     0 | D:1      | Reached XP level 1. HP: 14/14 MP: 3/3
   198 | D:1      | Reached XP level 2. HP: 20/20 MP: 1/5
   635 | D:1      | Reached skill level 3 in Spellcasting
   776 | D:1      | Learned a level 2 spell: Scorch
  1049 | D:2      | Found an ancient bone altar of Kikubaaqudgha.
  1054 | D:2      | Reached XP level 3. HP: 24/26 MP: 2/7
  1676 | D:2      | Reached XP level 4. HP: 33/33 MP: 4/9
  1683 | D:2      | Reached skill level 4 in Spellcasting
  1768 | D:2      | Learned a level 4 spell: Flame Wave
  2340 | D:3      | Found Ziesauha's Book Boutique.
  2401 | D:3      | Reached XP level 5. HP: 6/38 MP: 1/11
  3195 | D:4      | Found a staircase to the Ecumenical Temple.
  3225 | D:4      | Reached skill level 5 in Spellcasting
  3401 | Temple   | Entered the Ecumenical Temple
  3411 | Temple   | Became a worshipper of Sif Muna the Loreminder
  3425 | D:4      | Noticed Grinder
  3432 | D:4      | Paralysed by Grinder for 2 turns
  3435 | D:4      | Killed Grinder
  3436 | D:4      | Reached XP level 6. HP: 45/45 MP: 5/14
  3524 | D:4      | Reached skill level 6 in Spellcasting
  3607 | D:4      | Your scales start taking on an icy white colour.
  3607 | D:4      | Reached XP level 7. HP: 32/50 MP: 13/16
  3607 | D:4      | Gained mutation: Your flesh is cold resistant. (rC+) [White
                  | Draconian growth]
  3998 | D:4      | Reached skill level 7 in Spellcasting
  4323 | D:4      | Quit the game

Illustrated notes

Levels and vault maps discovered:
D:1:      tarquinn_simple_flora_water_e, layout_basic,
          chequers_serial_rivers_room_a, minmay_shallow_snake_nest
D:2:      layout_loops_cross, basic_altar, nicolae_wormholes
D:3:      layout_rooms, serial_shops, nicolae_shop_stone
D:4:      layout_basic, minmay_temple_entry_glassed_door,
          hangedman_decor_growths, chequers_garden, uniq_grinder
Temple:   regret_index_temple_mists

Skill      XL: |  1  2  3  4  5  6  7 |
---------------+----------------------+-----
Spellcasting   | 3 4 5 6 7 |  7.6
Fire Magic     | 4 3 |  3.8
Dodging        | |  1.7
Stealth        | |  1.7
Conjurations   | |  1.0

Action                   |  1- 3 |  4- 6 |  7- 9 || total
-------------------------+-------+-------+-------++-------
Melee: Dagger            |    26 |    57 |    12 ||    95
       Tailslap          |     1 |     5 |       ||     6
 Cast: Foxfire           |    48 |    53 |    22 ||   123
       Scorch            |    14 |    12 |     9 ||    35
 Abil: Breathe Frost     |       |       |     2 ||     2
  Use: Potion            |       |     2 |       ||     2
 Stab: Sleeping          |     1 |       |       ||     1
Armor: Skin              |    16 |    29 |     4 ||    49
Dodge: Dodged            |    23 |    51 |    16 ||    90

Table legend: (Time is in decaauts)
 A = Elapsed time spent in this place.
 B = Non-inter-level travel time spent in this place.
 C = Inter-level travel time spent in this place.
 D = Time resting spent in this place.
 E = Time spent auto-exploring this place.
 F = Levels seen in this place.
 G = Mean time per level.
                   A        B        C        D        E       F      G
               +--------+--------+--------+--------+--------+-----+--------+
         Total |   4328 |   4223 |    105 |      2 |   3535 |   5 |  865.6 |
       Dungeon |   4304 |   4210 |     94 |      2 |   3535 |   4 | 1076.0 |
        Temple |     23 |     13 |     10 |      0 |      0 |   1 |   23.0 |
               +--------+--------+--------+--------+--------+-----+--------+

Top non-repeatable levels by time:
     D:2: 1184 daAuts
     D:4: 1152 daAuts
     D:1: 1111 daAuts
     D:3: 856 daAuts
  Temple: 23 daAuts
